Map: Blackpink LE

Players

soul

  • Race: Terran Terran
  • League: Grandmaster
  • Spawn Location: 1:00

liquidthermy (uThermal) - Winner!

  • Race: Terran Terran
  • League: Grandmaster
  • Spawn Location: 7:00

VOD

Have the link to the VOD?

Description

Time

  • Played on: March 30, 2018, 6:36 a.m.
  • Length: 10:30
Show
View Real Time Build Order
Export as new Build Order

soul Terran 

Build Orders: Cyclone Opening, Gas First Reaper Expand, Reaper Expand, MMM Bio 

Get SALT Encoding   

  12  0:00  SCV  
  13  0:12  SCV  
  14  0:17  Supply Depot  
  14  0:25  SCV  
  15  0:29  Refinery  
  15  0:39  SCV  
  16  0:45  Barracks  
  16  0:51  SCV  
  17  1:03  SCV  
  18  1:15  SCV  
  19  1:32  Reaper, Orbital Command  
  20  1:47  Command Center  
  20  1:57  Factory  
  20  2:00  SCV  
  21  2:07  Barracks Reactor  
  21  2:13  Refinery  
  21  2:14  SCV  
  22  2:25  Supply Depot  
  22  2:26  SCV  
  23  2:47  SCV  
  23  2:48  Cyclone, Hellion  
  28  2:59  SCV  
  29  3:06  Orbital Command  
  29  3:11  SCV  
  31  3:12  Cyclone  
  31  3:20  Cyclone  
  31  3:23  SCV  
  35  3:33  SCV  
  36  3:35  SCV  
  36  3:37  Supply Depot  
  37  3:45  SCV  
  37  3:47  Supply Depot  
  37  3:48  SCV  
  39  3:55  Barracks Tech Lab  
  39  3:58  Cyclone, SCV  
  39  4:00  SCV  
  41  4:05  Cyclone  
  44  4:10  SCV  
  44  4:12  SCV  
  44  4:20  Command Center  
  44  4:22  SCV  
  46  4:24  SCV  
  46  4:34  SCV  
  46  4:36  SCV  
  48  4:42  Barracks x2  
  48  4:44  Siege Tank  
  51  4:46  Marine x2, SCV  
  51  4:48  SCV  
  55  4:58  SCV  
  56  5:00  Starport  
  56  5:01  SCV  
  56  5:03  Refinery  
  56  5:05  Refinery  
  57  5:10  SCV  
  57  5:13  SCV  
  61  5:15  Supply Depot  
  61  5:21  Supply Depot, Siege Tank  
  62  5:26  Barracks Tech Lab  
  62  5:29  Engineering Bay  
  62  5:31  SCV x2  
  62  5:33  Barracks Tech Lab  
  62  5:34  Engineering Bay  
  64  5:37  Orbital Command  
  64  5:41  Starport Reactor  
  64  5:44  Marine x2, SCV x2  
  66  5:51  Stimpack  
  66  5:55  Marine  
  63  5:57  Marine  
  63  6:01  SCV x2  
  64  6:07  Missile Turret  
  64  6:08  Orbital Command  
  64  6:09  Missile Turret  
  63  6:13  SCV  
  63  6:16  Combat Shields  
  64  6:20  Marine, SCV  
  64  6:22  Marine  
  64  6:24  Marine  
  64  6:25  Marine  
  69  6:26  SCV  
  69  6:29  Medivac  
  69  6:31  Medivac  
  73  6:34  SCV  
  73  6:36  SCV  
  73  6:38  Marine  
  75  6:40  Terran Infantry Weapons Level 1  
  75  6:44  Terran Infantry Armor Level 1  
  75  6:46  Marine x2  
  77  6:48  SCV  
  77  6:51  SCV x2  
  79  6:54  Marine  
  79  7:00  SCV  
  81  7:02  Marine  
  81  7:03  SCV  
  81  7:04  Viking  
  81  7:06  Medivac  
  87  7:08  Marine  
  87  7:10  Marine  
  87  7:12  Marine  
  88  7:19  Marine, SCV  
  89  7:26  Siege Tank, Marine  
  93  7:32  Supply Depot, Liberator  
  93  7:33  Supply Depot  
  93  7:36  Liberator  
  93  7:47  Supply Depot  
  93  7:50  Marauder, Marine, SCV x2  
  93  7:51  Supply Depot  
  101  7:54  SCV  
  101  7:56  Supply Depot  
  105  7:59  Armory  
  105  8:01  Marine x2  
  105  8:02  SCV x2  
  108  8:06  SCV  
  108  8:08  Marine  
  110  8:13  Barracks  
  110  8:16  SCV  
  110  8:17  Marauder  
  110  8:18  Barracks  
  110  8:19  SCV  
  114  8:22  Marauder, SCV  
  114  8:25  Marine  
  118  8:28  SCV  
  118  8:30  Marine  
  120  8:35  Medivac  
  120  8:36  Medivac  
  120  8:39  Marauder  
  120  8:40  Supply Depot  
  126  8:43  Marine x2  
  126  8:48  Marine  
  128  8:50  SCV  
  128  8:55  SCV  
  131  8:56  Siege Tank  
  131  8:59  Marine  
  131  9:00  Marine x2  
  131  9:01  Marine  
  138  9:04  Marine  
  138  9:06  Marine  
  121  9:15  SCV  
  115  9:17  Marine  
  115  9:18  Marine x2  
  115  9:24  Barracks Reactor x2, Marine  
  118  9:28  Siege Tank  
  122  9:35  Marine  
  122  9:36  Marine x2  
  108  9:41  Marine  
  108  9:45  Medivac x2  
  100  9:49  Refinery  
  100  9:50  Factory, Refinery  
  99  9:53  Marine  
  99  9:54  Marine x2  
  99  9:56  SCV x3  
  99  9:59  Marine  
  106  10:06  Marine  
  107  10:08  Marine  
  107  10:09  Marine  
  107  10:10  Marine  
  107  10:11  Marine  
  107  10:12  Marine x2  
Show
View Real Time Build Order
Export as new Build Order

liquidthermy Terran - Winner!

Build Orders: Cyclone Opening, Bio Tank 

Get SALT Encoding   

  12  0:02  SCV  
  13  0:14  SCV  
  13  0:18  Supply Depot  
  14  0:26  SCV  
  15  0:28  Refinery  
  15  0:40  SCV  
  16  0:46  Barracks  
  16  0:52  SCV  
  16  0:55  Refinery  
  17  1:04  SCV  
  18  1:16  SCV  
  19  1:33  Reaper, Orbital Command  
  19  1:35  Factory  
  20  1:43  Supply Depot  
  20  1:58  SCV  
  21  2:05  Reaper  
  22  2:11  SCV  
  23  2:18  Cyclone  
  26  2:29  Command Center  
  26  2:33  SCV  
  27  2:40  Supply Depot  
  27  2:41  Barracks Reactor  
  27  2:45  SCV  
  28  2:55  Cyclone  
  31  3:01  SCV  
  31  3:17  SCV  
  31  3:29  SCV  
  31  3:33  Cyclone x2  
  38  3:39  Starport  
  38  3:41  Orbital Command  
  38  3:43  SCV  
  38  3:45  Barracks Tech Lab  
  39  3:55  SCV  
  33  4:07  SCV x2  
  33  4:12  Factory Tech Lab  
  33  4:15  Marine x2  
  35  4:19  SCV  
  35  4:20  Bunker, SCV  
  35  4:21  Cloaking Field  
  37  4:24  Banshee  
  40  4:31  SCV  
  40  4:32  SCV  
  40  4:33  Marine x2  
  44  4:41  Supply Depot  
  44  4:43  SCV  
  44  4:44  SCV  
  46  4:49  Siege Tank  
  49  4:55  SCV  
  49  4:56  SCV  
  49  4:58  Command Center  
  51  5:01  Marine  
  51  5:02  Marine  
  53  5:07  Banshee  
  53  5:08  SCV  
  57  5:14  SCV  
  57  5:19  Marine x2  
  57  5:20  Supply Depot  
  60  5:22  SCV  
  60  5:23  Engineering Bay  
  60  5:26  SCV  
  62  5:33  Supply Depot  
  62  5:40  Refinery  
  62  5:42  Siege Tank, SCV x2  
  67  5:46  Refinery  
  69  5:54  SCV  
  68  5:59  Barracks, SCV  
  68  6:00  Starport Reactor  
  68  6:02  Barracks  
  69  6:04  Marine  
  69  6:06  Stimpack  
  69  6:07  SCV  
  69  6:11  SCV  
  69  6:17  Orbital Command  
  69  6:20  Siege Tank  
  69  6:22  Marine  
  69  6:24  SCV  
  74  6:28  Terran Infantry Weapons Level 1  
  74  6:33  SCV  
  74  6:39  Marine  
  75  6:41  SCV  
  75  6:45  Starport Reactor, SCV  
  78  6:49  Marine  
  78  6:52  Siege Tank, Marine  
  78  6:53  SCV  
  84  6:57  Marine  
  84  7:00  Barracks  
  85  7:01  Supply Depot  
  85  7:03  Marine  
  85  7:05  Barracks, Marine  
  85  7:07  SCV x2  
  89  7:12  Orbital Command  
  89  7:15  Marine  
  90  7:17  Marine  
  90  7:19  SCV  
  90  7:20  Supply Depot  
  90  7:22  SCV  
  93  7:23  Marine  
  93  7:26  Siege Tank  
  93  7:28  Sensor Tower  
  93  7:29  Medivac  
  96  7:34  Supply Depot  
  96  7:41  Medivac, SCV x2  
  100  7:44  Marine  
  100  7:45  Marine x2  
  100  7:46  Marine x2  
  100  7:48  Barracks Reactor  
  105  7:53  Barracks Reactor  
  105  7:55  SCV  
  105  7:56  SCV  
  105  7:57  Missile Turret  
  107  8:02  Marine x2  
  107  8:03  Siege Tank, Marine  
  107  8:04  Marine x2  
  115  8:09  SCV  
  115  8:10  Supply Depot, Medivac  
  117  8:22  Terran Infantry Armor Level 1  
  117  8:23  Combat Shields  
  117  8:24  Supply Depot  
  117  8:27  Refinery x2  
  117  8:31  SCV x2, Marine x4, Medivac  
  125  8:34  Supply Depot  
  125  8:36  Supply Depot  
  125  8:38  Engineering Bay  
  125  8:40  Armory  
  125  8:45  Marine x5  
  125  8:46  SCV x2  
  125  8:47  Supply Depot  
  132  8:48  Supply Depot  
  132  8:49  Marine  
  133  8:56  Siege Tank, SCV, Marine x2, Medivac  
  133  8:57  Marine  
  133  8:58  SCV  
  142  9:03  Marine  
  142  9:05  Marine x3  
  142  9:09  Marine x2  
  123  9:14  Marine x2  
  123  9:15  Marine  
  123  9:16  Medivac  
  123  9:21  Marine  
  123  9:23  Marine x3  
  127  9:26  Medivac, Marine  
  127  9:27  Marine  
  127  9:28  Siege Tank  
  134  9:31  Marine x2  
  134  9:33  Marine  
  113  9:39  Marine  
  113  9:41  Marine  
  113  9:42  Marine  
  113  9:43  SCV x2  
  113  9:50  SCV  
  114  9:55  Marine, SCV  
  114  9:56  Marine  
  114  9:59  Marine  
  118  10:03  SCV  
  118  10:04  Marine  
  120  10:08  SCV  
  120  10:11  SCV  
Tags
 
Add a new tag
Caveats
  • Supply blocks, unpowered buildings, or Contaminate may cause inaccurate times.
  • Supply counts are checked every 10 seconds.